NWL (28 & UNDER)
MOOSE JAW GHOSTBUSTERS @ RIVERSIDE RED BULLS
08/12/2026
 
TOP OF THE 1ST
Moose Jaw Ghostbusters batting - Pitching for Riverside Red Bulls : LHP Carlos Castillo
Pitching: LHP Carlos Castillo
Batting: RHB Nicholas Harris 0-0: Ball
1-0: Ground out 5-3 (Groundball, 56)
Batting: LHB Will Vale 0-0: Called Strike
0-1: Ball
1-1: Ground out 1-3 (Groundball, 13S)
Batting: RHB John Major 0-0: Called Strike
0-1: Swinging Strike
0-2: Ball
1-2: Strikes out looking
Top of the 1st over - 0 run(s), 0 hit(s), 0 error(s), 0 left on base; Moose Jaw 0 - Riverside 0
BOTTOM OF THE 1ST
Riverside Red Bulls batting - Pitching for Moose Jaw Ghostbusters : RHP Ken Rogers
Pitching: RHP Ken Rogers
Batting: RHB Tom Howe 0-0: Ball
1-0: SINGLE (Groundball, 6MD)
Batting: RHB Pedro Mata 0-0: Ball
1-0: Ball
2-0: Ball
3-0: Called Strike
3-1: Fly out, F8 (Popup, 4MD)
Batting: LHB Paco Rivera 0-0: Ball
1-0: Ball
2-0: DOUBLE (Groundball, 3L)
Tom Howe to third
Runner from 3rd tries for Home, SAFE, no throw or cutoff
Batting: RHB José Vázquez 0-0: Swinging Strike
0-1: Swinging Strike
0-2: Ball
1-2: Foul Ball, location: 2F
1-2: Ball
2-2: Foul Ball, location: 2F
2-2: Strikes out looking
Batting: RHB Brandon Pope 0-0: SINGLE (Flyball, 9LS)
Paco Rivera to third
Runner from 3rd tries for Home, SAFE, no throw or cutoff
Batting: RHB Fernando Gálvez 0-0: Foul Ball, location: 2F
0-1: Ball
1-1: Ball
2-1: Swinging Strike
2-2: Foul Ball, location: 2F
2-2: Ball
3-2: Base on Balls
Brandon Pope to second
Batting: RHB Kelly Jones 0-0: Ball
1-0: DOUBLE (Groundball, 3D)
Brandon Pope scores
Fernando Gálvez to third
Batting: RHB Enrique Flores 0-0: Called Strike
0-1: Foul Ball, location: 2F
0-2: Foul Ball, location: 2F
0-2: Strikes out swinging
Bottom of the 1st over - 3 run(s), 4 hit(s), 0 error(s), 2 left on base; Moose Jaw 0 - Riverside 3
TOP OF THE 2ND
Moose Jaw Ghostbusters batting - Pitching for Riverside Red Bulls : LHP Carlos Castillo
Batting: RHB Paco Hernández 0-0: Called Strike
0-1: Ball
1-1: Ball
2-1: Ball
3-1: Base on Balls
Batting: RHB Luis Miguel Sánchez 0-0: DOUBLE (Groundball, 5L)
Paco Hernández to third
Batting: RHB Juan Vázquez 0-0: Called Strike
0-1: Swinging Strike
0-2: Ball
1-2: Fly out, F8 (Flyball, 8LM)
Runner from 3rd tags up, SCORES, throw made
Batting: RHB Manuel Pérez 0-0: Ball
1-0: Ball
2-0: Ball
3-0: Called Strike
3-1: Called Strike
3-2: Base on Balls
Batting: RHB Don Turner 0-0: Ball
Luis Miguel Sánchez steals 3rd base
Manuel Pérez to second
1-0: Called Strike
1-1: Called Strike
1-2: Foul Ball, location: 2F
1-2: Ball
2-2: Foul Ball, location: 2F
2-2: Strikes out swinging
Batting: RHB Ángel García 0-0: Ball
1-0: Called Strike
1-1: Fly out, F9 (Flyball, 89M)
Top of the 2nd over - 1 run(s), 1 hit(s), 0 error(s), 2 left on base; Moose Jaw 1 - Riverside 3
BOTTOM OF THE 2ND
Riverside Red Bulls batting - Pitching for Moose Jaw Ghostbusters : RHP Ken Rogers
Batting: SHB Luis Alonso 0-0: Ball
1-0: Ball
2-0: Ground out 1-3 (Groundball, 23)
Batting: RHB Tom Howe 0-0: Called Strike
0-1: Ball
1-1: Ground out 3-1 (Groundball, 34S)
Batting: RHB Pedro Mata 0-0: Ball
1-0: Called Strike
1-1: Called Strike
1-2: Ground out 1-3 (Groundball, 13)
Bottom of the 2nd over - 0 run(s), 0 hit(s), 0 error(s), 0 left on base; Moose Jaw 1 - Riverside 3
TOP OF THE 3RD
Moose Jaw Ghostbusters batting - Pitching for Riverside Red Bulls : LHP Carlos Castillo
Batting: RHB Nicholas Harris 0-0: Ball
1-0: SINGLE (Groundball, 13) (infield hit)
Batting: LHB Will Vale 0-0: Grounds into double play, 4-6-3 (Groundball, 34)
Batting: RHB John Major 0-0: Called Strike
0-1: Swinging Strike
0-2: Ball
1-2: Strikes out swinging
Top of the 3rd over - 0 run(s), 1 hit(s), 0 error(s), 0 left on base; Moose Jaw 1 - Riverside 3
BOTTOM OF THE 3RD
Riverside Red Bulls batting - Pitching for Moose Jaw Ghostbusters : RHP Ken Rogers
Batting: LHB Paco Rivera 0-0: Called Strike
0-1: Foul Ball, location: 2F
0-2: Ground out 4-3 (Groundball, 4)
Batting: RHB José Vázquez 0-0: Foul Ball, location: 2F
0-1: Foul Ball, location: 2F
0-2: Foul Ball, location: 2F
0-2: Ball
1-2: Foul Ball, location: 2F
1-2: Strikes out swinging
Batting: RHB Brandon Pope 0-0: Called Strike
0-1: Foul Ball, location: 2F
0-2: Ball
1-2: SINGLE (Line Drive, 89S)
Batting: RHB Fernando Gálvez 0-0: Ball
1-0: Ball
2-0: Ball
3-0: Base on Balls
Brandon Pope to second
Batting: RHB Kelly Jones 0-0: Foul Ball, location: 2F
0-1: Foul Ball, location: 2F
0-2: Ball
1-2: Ball
2-2: Foul Ball, location: 2F
2-2: Foul Ball, location: 2F
2-2: Ball
3-2: Fly out, F5 (Popup, 5SF)
Bottom of the 3rd over - 0 run(s), 1 hit(s), 0 error(s), 2 left on base; Moose Jaw 1 - Riverside 3
TOP OF THE 4TH
Moose Jaw Ghostbusters batting - Pitching for Riverside Red Bulls : LHP Carlos Castillo
Batting: RHB Paco Hernández 0-0: Foul Ball, location: 2F
0-1: Foul Ball, location: 2F
0-2: Ground out 4-3 (Groundball, 4MD)
Batting: RHB Luis Miguel Sánchez 0-0: Swinging Strike
0-1: Swinging Strike
0-2: Foul Ball, location: 2F
0-2: Ball
1-2: Foul Ball, location: 2F
1-2: Foul Ball, location: 2F
1-2: Ball
2-2: SINGLE (Groundball, 3D) (infield hit)
Batting: RHB Juan Vázquez 0-0: Called Strike
0-1: Fielders Choice at 2nd, 1-6 (Groundball, 13)
Batting: RHB Manuel Pérez 0-0: Called Strike
Single, Error in OF, E7, batter to second base
Juan Vázquez to third
Batting: RHB Don Turner 0-0: Ball
1-0: Ball
2-0: Ball
3-0: Base on Balls
Batting: RHB Ángel García 0-0: Ball
1-0: Ball
2-0: Ball
3-0: Called Strike
3-1: Base on Balls
Juan Vázquez scores
Manuel Pérez to third
Don Turner to second
Batting: RHB Nicholas Harris 0-0: Ball
1-0: Ball
2-0: Fly out, F9 (Flyball, 9M)
Top of the 4th over - 1 run(s), 2 hit(s), 1 error(s), 3 left on base; Moose Jaw 2 - Riverside 3
BOTTOM OF THE 4TH
Riverside Red Bulls batting - Pitching for Moose Jaw Ghostbusters : RHP Ken Rogers
Batting: RHB Enrique Flores 0-0: Fly out, F5 (Line Drive, 56)
Batting: SHB Luis Alonso 0-0: Ball
1-0: Ball
2-0: Called Strike
2-1: Ball
3-1: Called Strike
3-2: SINGLE (Line Drive, 78S)
Batting: RHB Tom Howe 0-0: Fielders Choice at 2nd, 5-4 (Groundball, 5L)
Batting: RHB Pedro Mata 0-0: Fly out, F9 (Flyball, 89M)
Bottom of the 4th over - 0 run(s), 1 hit(s), 0 error(s), 1 left on base; Moose Jaw 2 - Riverside 3
TOP OF THE 5TH
Moose Jaw Ghostbusters batting - Pitching for Riverside Red Bulls : LHP Carlos Castillo
Batting: LHB Will Vale 0-0: Called Strike
0-1: Fly out, F7 (Flyball, 7M)
Batting: RHB John Major 0-0: Ball
1-0: Fly out, F6 (Popup, 6M)
Batting: RHB Paco Hernández 0-0: Called Strike
0-1: Foul Ball, location: 2F
0-2: Ball
1-2: Ball
2-2: Foul Ball, location: 2F
2-2: Strikes out looking
Top of the 5th over - 0 run(s), 0 hit(s), 0 error(s), 0 left on base; Moose Jaw 2 - Riverside 3
BOTTOM OF THE 5TH
Riverside Red Bulls batting - Pitching for Moose Jaw Ghostbusters : RHP Ken Rogers
Batting: LHB Paco Rivera 0-0: Fly out, F7 (Flyball, 78M)
Batting: RHB José Vázquez 0-0: Called Strike
0-1: Ground out 5-3 (Groundball, 5)
Batting: RHB Brandon Pope 0-0: Foul Ball, location: 2F
0-1: Foul Ball, location: 2F
0-2: Ball
1-2: Ground out 4-3 (Groundball, 4M)
Bottom of the 5th over - 0 run(s), 0 hit(s), 0 error(s), 0 left on base; Moose Jaw 2 - Riverside 3
TOP OF THE 6TH
Moose Jaw Ghostbusters batting - Pitching for Riverside Red Bulls : LHP Carlos Castillo
Batting: RHB Luis Miguel Sánchez 0-0: Foul Ball, location: 2F
0-1: Foul Ball, location: 2F
0-2: Strikes out swinging
Batting: RHB Juan Vázquez 0-0: Ball
1-0: Called Strike
1-1: Fly out, F9 (Flyball, 9M)
Batting: RHB Manuel Pérez 0-0: Called Strike
0-1: Ground out 6-3 (Groundball, 6M)
Top of the 6th over - 0 run(s), 0 hit(s), 0 error(s), 0 left on base; Moose Jaw 2 - Riverside 3
BOTTOM OF THE 6TH
Riverside Red Bulls batting - Pitching for Moose Jaw Ghostbusters : RHP Ken Rogers
Batting: RHB Fernando Gálvez 0-0: Called Strike
0-1: Called Strike
0-2: Ball
1-2: Ball
2-2: Strikes out swinging, 2-3 out at first.
Batting: RHB Kelly Jones 0-0: Called Strike
0-1: Called Strike
0-2: Ball
1-2: SOLO HOME RUN (Line Drive, 7D), Distance : 395 ft
Batting: RHB Enrique Flores 0-0: Called Strike
0-1: Ball
1-1: Swinging Strike
1-2: Ground out 5-3 (Groundball, 5S)
Batting: SHB Luis Alonso 0-0: Fly out, F8 (Line Drive, 8RS)
Bottom of the 6th over - 1 run(s), 1 hit(s), 0 error(s), 0 left on base; Moose Jaw 2 - Riverside 4
TOP OF THE 7TH
Moose Jaw Ghostbusters batting - Pitching for Riverside Red Bulls : LHP Carlos Castillo
Pitching: RHP Alberto Gutiérrez
Batting: RHB Don Turner 0-0: Called Strike
0-1: Called Strike
0-2: Ball
1-2: Ball
2-2: Strikes out swinging
Batting: RHB Ángel García 0-0: Ball
1-0: SOLO HOME RUN (Flyball, 78XD), Distance : 406 ft
Batting: RHB Nicholas Harris 0-0: Called Strike
0-1: Called Strike
0-2: Strikes out swinging
Pitching: LHP Joe Phillips
Batting: LHB Will Vale 0-0: Ball
1-0: Ball
2-0: SINGLE (Line Drive, 6D)
Pitching: RHP Omar Camacho
Batting: RHB John Major 0-0: Called Strike
0-1: Ball
1-1: 2-RUN HOME RUN (Flyball, 9LD), Distance : 397 ft
Batting: RHB Paco Hernández 0-0: Foul Ball, location: 2F
0-1: Called Strike
0-2: Strikes out looking
Top of the 7th over - 3 run(s), 3 hit(s), 0 error(s), 0 left on base; Moose Jaw 5 - Riverside 4
BOTTOM OF THE 7TH
Riverside Red Bulls batting - Pitching for Moose Jaw Ghostbusters : RHP Ken Rogers
Pitching: RHP Whit Johnson
Batting: RHB Tom Howe 0-0: Ball
1-0: Ball
2-0: Called Strike
2-1: Fly out, F6 (Line Drive, 6)
Batting: RHB Pedro Mata 0-0: Ground out 5-3 (Groundball, 5S)
Batting: LHB Paco Rivera 0-0: Fly out, F4 (Line Drive, 4)
Bottom of the 7th over - 0 run(s), 0 hit(s), 0 error(s), 0 left on base; Moose Jaw 5 - Riverside 4
TOP OF THE 8TH
Moose Jaw Ghostbusters batting - Pitching for Riverside Red Bulls : RHP Omar Camacho
Batting: RHB Luis Miguel Sánchez 0-0: SINGLE (Line Drive, 78M)
Batting: RHB Juan Vázquez 0-0: Ball
1-0: Ball
2-0: Swinging Strike
2-1: Ball
3-1: Called Strike
3-2: Strikes out swinging
Batting: RHB Manuel Pérez 0-0: Ball
Wild Pitch!
Luis Miguel Sánchez to second
1-0: Intentional Walk
Pinch Hitting: RHB Shawn Bane 0-0: DOUBLE (Line Drive, 7LS)
Luis Miguel Sánchez scores
Manuel Pérez to third
Runner from 3rd tries for Home, SAFE, no throw or cutoff
Batting: RHB Ángel García 0-0: Intentional Walk
Pitching: RHP José López
Batting: RHB Nicholas Harris 0-0: Foul Ball, location: 2F
0-1: Swinging Strike
0-2: Foul Ball, location: 2F
0-2: Ball
1-2: Foul Ball, location: 2F
1-2: Strikes out swinging
Batting: LHB Will Vale 0-0: SINGLE (Groundball, 3D)
Shawn Bane to third
Ángel García to second
Runner from 3rd tries for Home, SAFE, no throw or cutoff
Batting: RHB John Major 0-0: Ground out 4-3 (Groundball, 4)
Top of the 8th over - 3 run(s), 3 hit(s), 0 error(s), 2 left on base; Moose Jaw 8 - Riverside 4
BOTTOM OF THE 8TH
Riverside Red Bulls batting - Pitching for Moose Jaw Ghostbusters : RHP Whit Johnson
Now in LF: Kurt Hart
Batting: RHB José Vázquez 0-0: Ball
1-0: Ball
2-0: Swinging Strike
2-1: Foul Ball, location: 2F
2-2: Foul Ball, location: 2F
2-2: Strikes out looking
Batting: RHB Brandon Pope 0-0: Ball
1-0: Ball
2-0: DOUBLE (Flyball, 7LS)
Batting: RHB Fernando Gálvez 0-0: Called Strike
0-1: 2-RUN HOME RUN (Flyball, 7LD), Distance : 396 ft
Batting: RHB Kelly Jones 0-0: Foul Ball, location: 2F
0-1: Ball
1-1: Ground out 6-3 (Groundball, 6M)
Batting: RHB Enrique Flores 0-0: Called Strike
0-1: Foul Ball, location: 2F
0-2: Ball
1-2: Foul Ball, location: 2F
1-2: Strikes out swinging
Bottom of the 8th over - 2 run(s), 2 hit(s), 0 error(s), 0 left on base; Moose Jaw 8 - Riverside 6
TOP OF THE 9TH
Moose Jaw Ghostbusters batting - Pitching for Riverside Red Bulls : RHP José López
Batting: RHB Paco Hernández 0-0: Ball
1-0: Ball
2-0: Called Strike
2-1: Ball
3-1: Foul Ball, location: 2F
3-2: Base on Balls
Batting: RHB Luis Miguel Sánchez 0-0: Called Strike
0-1: Foul Ball, location: 2F
0-2: Ball
1-2: Foul Ball, location: 2F
1-2: Ball
2-2: Fly out, F3 (Popup, 4)
Batting: RHB Juan Vázquez 0-0: Called Strike
0-1: Swinging Strike
0-2: Strikes out swinging
Batting: RHB Manuel Pérez 0-0: Called Strike
0-1: Ball
1-1: Ball
2-1: SINGLE (Line Drive, 78M)
Paco Hernández to second
Batting: RHB Kurt Hart 0-0: Foul Ball, location: 2F
0-1: Ball
1-1: Fly out, F8 (Flyball, 8RS)
Top of the 9th over - 0 run(s), 1 hit(s), 0 error(s), 2 left on base; Moose Jaw 8 - Riverside 6
BOTTOM OF THE 9TH
Riverside Red Bulls batting - Pitching for Moose Jaw Ghostbusters : RHP Whit Johnson
Pitching: LHP Júlio Aguilar
Batting: SHB Luis Alonso 0-0: Foul Ball, location: 2F
0-1: Ground out 5-3 (Groundball, 5)
Batting: RHB Tom Howe 0-0: Called Strike
0-1: Ball
1-1: Ball
2-1: Ball
3-1: Base on Balls
Batting: RHB Pedro Mata 0-0: Ball
1-0: Ball
2-0: Called Strike
2-1: Ball
3-1: Fly out, F3 (Popup, 3F)
Batting: LHB Paco Rivera 0-0: Called Strike
0-1: Ball
1-1: Called Strike
1-2: Foul Ball, location: 2F
1-2: Ball
2-2: Foul Ball, location: 2F
2-2: Ball
3-2: Strikes out swinging
Bottom of the 9th over - 0 run(s), 0 hit(s), 0 error(s), 1 left on base; Moose Jaw 8 - Riverside 6
Monday, December 5th, 2016 - OOTP Baseball 17.12 Build 75